AoeStats
← trashmiscellaneous

Arena

506118819Analyzed
2v2 RM · 18d ago on Sep 12, 2026· 93m 13s· 4 players
Game mode
Random Map
Map size
Medium (4 player)
Population
200
Speed
Normal
Resources
Standard
Victory
Conquest
Starting age
Dark Age
Ending age
Imperial Age
RankedLock teamsTeams togetherTeam positionsShared explorationLock speedFull tech treeHidden civsTurbo modeCheats
Victory
Defeat
🇺🇸 Britons · United States
562
+10
🇦🇺 Armenians · Australia
496
+15
🇦🇺 Cumans · Australia
418
-11
🇦🇺 Bohemians · Australia
418
-11
About95babys
12:06 Feudal Age
18:20 Castle Age
16:43 Horse Collar
16:54 Double-Bit Axe
18:20 Padded Archer Armor
18:11 Fletching
19:04 Wheelbarrow
18:35 Gold Mining
23:09 Caravan
33:34 Imperial Age
31:22 Hand Cart
31:08 Bodkin Arrow
31:29 Leather Archer Armor
31:41 Ballistics
35:24 Ring Archer Armor
36:12 Bracer
36:02 Elite Longbowman
37:15 Conscription
37:17 Yeomen
37:47 Warwolf
62:00 Husbandry
61:22 Cavalier
65:43 Forging
65:39 Scale Barding Armor
73:54 Iron Casting
73:40 Chain Barding Armor
trashmiscellaneous
9:38 Feudal Age
10:56 Double-Bit Axe
12:36 Town Watch
13:26 Wheelbarrow
13:20 Horse Collar
20:34 Pikeman
24:06 Loom
28:00 Castle Age
26:05 Scale Mail Armor
27:47 Forging
27:31 Fletching
27:42 Padded Archer Armor
29:59 Hand Cart
29:44 Town Patrol
29:47 Heavy Plow
30:45 Squires
31:12 Bow Saw
30:53 Stone Mining
30:54 Gold Mining
31:20 Gold Mining
33:31 Caravan
37:09 Cilician Fleet
39:37 Imperial Age
37:11 Murder Holes
41:14 Guilds
41:36 Coinage
41:43 Ballistics
41:37 Elite Composite Bowman
58:33 Capped Ram
61:44 Gold Shaft Mining
64:06 Siege Ram
67:29 Crossbowman
75:52 Husbandry
87:22 Elite Skirmisher
muntballs
10:44 Feudal Age
23:32 Man-at-Arms
29:59 Castle Age
28:49 Scale Mail Armor
30:09 Long Swordsman
30:50 Squires
30:35 Arson
31:19 Gold Mining
31:19 Stone Mining
35:05 Gold Shaft Mining
35:12 Pikeman
43:18 Capped Ram
47:39 Imperial Age
48:57 Elite Skirmisher
51:18 Elite Skirmisher
67:26 Cavalier
69:28 Siege Ram
80:10 Double-Bit Axe
80:12 Horse Collar
81:01 Paladin
83:25 Onager
89:41 Siege Onager
vJJoshuaa21xyz
12:04 Feudal Age
12:48 Double-Bit Axe
14:26 Horse Collar
18:54 Castle Age
20:09 Bow Saw
22:08 Heavy Plow
23:23 Wheelbarrow
22:33 Town Watch
26:44 Treadmill Crane
28:05 Chemistry
27:26 Ballistics
27:48 Hand Cart
27:19 Town Watch
35:07 Imperial Age
36:29 Padded Archer Armor
36:20 Fletching
38:01 Elite Hussite Wagon
52:25 Town Patrol
52:48 Leather Archer Armor
52:28 Bodkin Arrow
54:54 Two-Man Saw
57:36 Masonry
80:44 Light Cavalry
83:20 Bracer
88:33 Crossbowman
93:05 Ring Archer Armor
Connection lost

Rejoining the realm…

Still unreachable

The connection could not be restored.

Session expired

The server has moved on; the page needs a fresh start.